 Dungeon Crawl Stone Soup version 0.31-a0-1009-g454b1f1e0a (webtiles) character file.

Game seed: 3630755117833439547

2902 BinkBink the Ruffian (level 9, -6/70 HPs)
             Began as a Demonspawn Shapeshifter on Nov 15, 2023.
             Was a Follower of Qazlal.
             Mangled by a hornet (12 damage)
             ... on level 7 of the Dungeon.
             The game lasted 00:10:47 (6609 turns).

BinkBink the Ruffian (Demonspawn Shapeshifter)      Turns: 6609, Time: 00:10:48

Health: -6/70      AC:  5    Str: 19    XL:     9   Next: 49%
Magic:  12/12      EV: 15    Int: 12    God:    Qazlal [*.....]
Gold:   248        SH:  2    Dex: 18    Spells: 8/8 levels left

rFire   . .          .
                       - Unarmed
rCold   . . .        (no shield)
rNeg    + . .        A - +0 steam dragon scales
rPois   .            (helmet currently unavailable)
rElec   .            (cloak currently unavailable)
rCorr   .            (gloves currently unavailable)
SInv    .            (boots currently unavailable)
Will    +....        y - amulet "Kofecluona" {Faith +Blink}
Stlth   ++++         j - ring of positive energy
HPRegen 0.31/turn    l - ring of willpower
MPRegen 0.13/turn

%: faith
@: beast-form, slowed, very slow
A: beast (slay +3), thin skeletal structure 3, weakness stinger 1
a: Begin Untransformation, Renounce Religion, Evoke Blink


You were on level 7 of the Dungeon.
You worshipped Qazlal.
Qazlal was aware of your devotion.
You were a hulking beast.
You visited 2 branches of the dungeon, and saw 8 of its levels.

You collected 248 gold pieces.

Inventory:

Armour
 n - a +2 pair of gloves
 A - +0 steam dragon scales (worn)
Jewellery
 h - an amulet of guardian spirit
 j - a ring of positive energy (left hand)
 l - a ring of willpower (right hand)
 t - a ring of positive energy
 x - a ring of fire
 y - the amulet "Kofecluona" (around neck) {Faith +Blink}
   (You found it on level 6 of the Dungeon)

   [amulet of faith]

   Faith:     It allows you to gain divine favour quickly.
   +Blink:    It lets you blink.
Talismans
 c - a beast talisman (active)
 d - a flux talisman
Wands
 u - a wand of polymorph (1)
Scrolls
 e - a scroll of amnesia {unknown}
 i - 6 scrolls of teleportation {unknown}
 k - 2 scrolls of vulnerability {unknown}
 p - 7 scrolls of identify {unknown}
 q - 3 scrolls of brand weapon {unknown}
 s - a scroll of acquirement {unknown}
 v - a scroll of blinking {unknown}
 w - a scroll of immolation {unknown}
Potions
 b - 3 potions of lignification
 f - a potion of degeneration {unknown}
 g - 2 potions of curing
 m - 2 potions of heal wounds
 o - a potion of magic {unknown}
 r - 2 potions of attraction {unknown}
 z - 2 potions of enlightenment {unknown}


   Skills:
 + Level 6.3 Fighting
 + Level 6.0 Dodging
 + Level 6.4 Unarmed Combat
 + Level 4.2 Invocations
 + Level 6.0 Shapeshifting


You had 8 spell levels left.
You didn't know any spells.
Your spell library contained the following spells:

 Spells                   Type           Power      Damage    Failure   Level
 Summon Ice Beast         Ice/Summ       0%         N/A       97%         4
 Summon Mana Viper        Hex/Summ       0%         N/A       100%        5
 Monstrous Menagerie      Summ           0%         N/A       100%        7


Dungeon Overview and Level Annotations

Branches:
Dungeon (7/15)             Temple (1/1) D:4

Altars:
Ashenzari
Cheibriados
Dithmenos
Fedhas
Gozag
Hepliaklqana
Kikubaaqudgha
Nemelex Xobeh
Okawaru
Qazlal
Ru
Sif Muna
Trog
Uskayaw
Vehumet
Wu Jian
Xom

Annotations:
D:2 1 runed translucent door, Crazy Yiuf
D:3 2 transporters, voshxx's ghost, amateur OpFE


Innate Abilities, Weirdness & Mutations

You are a hulking beast.
Your limbs bulge with bestial killing power. (Slay +3)
You have an unnaturally thin skeletal structure. (Dex +6, Stealth+++)
You have a small tail.


Message History

The orc warrior hits you with a +0 long sword!
Unknown command.
You punch the orc warrior!
The orc warrior is almost dead.
You barely miss the orc warrior.
The orc warrior is almost dead.
The orc warrior barely misses you.
You punch the orc warrior!
You kill the orc warrior!
Qazlal accepts your kill. The hornet barely misses you.
Your Shapeshifting skill increases to level 6!
You punch the hornet!
Your tail-slap misses the hornet.
The hornet is moderately wounded.
The orc priest hits you from afar with a +0 trident.
The hornet barely misses you.
You punch the hornet!
The hornet is heavily wounded.
The hornet stings you!
You are poisoned.
You feel yourself slow down.
The orc priest hits you from afar with a +0 trident.
You closely miss the hornet.
The hornet is heavily wounded.
You feel yourself speed up.
You feel very sick. The hornet stings you!
You feel yourself slow down.
The hornet stings you but does no damage.
The orc priest invokes the aid of Beogh against you.
Beogh smites you!
* * * LOW HITPOINT WARNING * * *
The hornet stings you!
* * * LOW HITPOINT WARNING * * *
You feel as though you will be slow longer.
You feel better.
The orc priest hits you from afar with a +0 trident.
* * * LOW HITPOINT WARNING * * *
The hornet barely misses you. The orc priest closely misses you.
The hornet stings you!
You die...

#...# . #...# .5 #...#
.5 #...# #############
##5#...###...........##
5#......##..##..#..##..#
.....ooo#..##..###..##..
#y#.###..# #..###. #h#.#
#.## ##.# #. #.#)# ###
## #. #...# #.
#....(...# #..
######...# #.. ..#..#
#... #####..# #..#. #..#
#..... #... ....##


You could see a hornet, an orc priest and an orc wizard.

Vanquished Creatures
  Pikel (D:7)
  Prince Ribbit (D:7)
  A steam dragon (D:7)
  Duvessa (D:7)
  A water moccasin (D:7)
  An ice beast (D:5)
  A black bear (D:6)
  An orc warrior (D:7)
  2 sky beasts
  3 ogres (D:5)
  2 lemures (D:7)
  2 bullfrogs
  A kobold brigand (D:7)
  A gnoll sergeant (D:5)
  5 scorpions
  Dowan (D:7)
  A killer bee (D:4)
  A howler monkey (D:5)
  A hound (D:4)
  2 sleepcaps
  5 iguanas
  3 orc wizards
  6 adders
  A shadow imp (D:5)
  5 white imps
  4 ufetubi
  2 worms
  2 dart slugs (D:3)
  20 orcs
  9 endoplasms
  6 giant cockroaches
  9 goblins
  5 hobgoblins
  8 jackals
  16 kobolds
  5 quokkas
  8 ball pythons
  9 bats
  A frilled lizard (D:1)
  3 rats
157 creatures vanquished.

Notes
Turn   | Place    | Note
-------+----------+-------------------------------------------
     0 | D:1      | BinkBink the Demonspawn Shapeshifter began the quest for
                  | the Orb.
     0 | D:1      | Reached XP level 1. HP: 15/15 MP: 1/1
    82 | D:1      | Gained mutation: You have a small tail. [demonic ancestry]
    82 | D:1      | Reached XP level 2. HP: 12/21 MP: 2/2
   571 | D:1      | Reached XP level 3. HP: 18/26 MP: 3/3
   928 | D:2      | Identified the +6 whip of Koseship {heavy, rC- Dex+4}
  1150 | D:2      | Found a runed translucent door.
  1151 | D:2      | Noticed Crazy Yiuf
  1382 | D:3      | Found a transporter.
  1398 | D:3      | Reached XP level 4. HP: 26/33 MP: 4/4
  1538 | D:3      | Found a transporter.
  1573 | D:3      | Noticed voshxx's ghost (amateur OpFE)
  2027 | D:4      | Reached XP level 5. HP: 36/39 MP: 5/5
  2451 | D:4      | Gained mutation: You have a somewhat thin skeletal
                  | structure. (Dex +2, Stealth+) [demonic ancestry]
  2451 | D:4      | Reached XP level 6. HP: 11/47 MP: 3/6
  2777 | D:4      | Found a staircase to the Ecumenical Temple.
  2787 | Temple   | Entered the Ecumenical Temple
  2841 | Temple   | Became a worshipper of Qazlal Stormbringer
  3130 | D:5      | Entered Level 5 of the Dungeon
  3130 | D:5      | Found an ancient bone altar of Kikubaaqudgha.
  3614 | D:5      | Reached XP level 7. HP: 42/53 MP: 7/7
  4125 | D:5      | Found a shimmering blue altar of Sif Muna.
  4661 | D:5      | Reached skill level 5 in Unarmed Combat
  4661 | D:5      | Gained mutation: You have a moderately thin skeletal
                  | structure. (Dex +4, Stealth++) [demonic ancestry]
  4661 | D:5      | Reached XP level 8. HP: 32/61 MP: 3/8
  5087 | D:6      | Reached skill level 5 in Fighting
  5087 | D:6      | Reached skill level 5 in Shapeshifting
  5184 | D:6      | Reached * piety under Qazlal
  5185 | D:6      | Reached skill level 5 in Dodging
  5220 | D:6      | Identified the amulet "Kofecluona" {Faith +Blink}
  5738 | D:7      | Reached skill level 1 in Invocations
  5845 | D:7      | Found an ornate altar of the Wu Jian Council.
  6202 | D:7      | Noticed Dowan
  6204 | D:7      | Noticed Duvessa
  6211 | D:7      | Killed Duvessa
  6212 | D:7      | Gained mutation: You have an unnaturally thin skeletal
                  | structure. (Dex +6, Stealth+++) [demonic ancestry]
  6212 | D:7      | Reached XP level 9. HP: 44/69 MP: 10/10
  6221 | D:7      | Killed Dowan
  6335 | D:7      | Noticed Prince Ribbit
  6347 | D:7      | Killed Prince Ribbit
  6435 | D:7      | Noticed Pikel
  6454 | D:7      | Killed Pikel
  6608 | D:7      | HP: 2/70 [hornet (15)]
  6609 | D:7      | Mangled by a hornet

Illustrated notes

Levels and vault maps discovered:
D:1:      dpeg_arrival_tiny_a, layout_rooms, chequers_serial_rivers_micro_d
D:2:      layout_rooms, uniq_crazy_yiuf_cottage
D:3:      layout_basic, gammafunk_ghost_mausoleum, serial_bayou_lagoon_a
D:4:      layout_loops_ring, minmay_temple_entry_junction
D:5:      layout_rooms, hangedman_feature_mirror
D:6:      layout_cave_pools
D:7:      lemuel_bear_cage, layout_loops_ring, gammafunk_temple_overflow_claw,
          old_standard_altar, uniq_pikel, uniq_duvessa, uniq_prince_ribbit1
Temple:   dpeg_five_rooms_temple

Skill      XL: |  1  2  3  4  5  6  7  8  9 |
---------------+----------------------------+-----
Dodging        | 2 3 4 5 6 |  6.0
Unarmed Combat | 3 4 5 6 |  6.4
Shapeshifting  | 3 4 5 6 |  6.0
Fighting       | 2 3 4 5 6 |  6.3
Invocations    | 2 4 |  4.2

Action                     |  1- 3 |  4- 6 |  7- 9 || total
---------------------------+-------+-------+-------++-------
  Melee: Unarmed           |   141 |   182 |   275 ||   598
         Punch             |     2 |     6 |    18 ||    26
         Tailslap          |    10 |    29 |    45 ||    84
    Use: Potion            |       |     1 |     5 ||     6
   Stab: Distracted        |       |     1 |       ||     1
         Sleeping          |       |       |     1 ||     1
 Armour: Animal skin       |    65 |   107 |   116 ||   288
         Steam dragon scal |       |       |    32 ||    32
  Dodge: Dodged            |   100 |   146 |   200 ||   446
  Block: Other             |       |       |     7 ||     7
   Form: Beast             |     1 |       |       ||     1

Table legend: (Time is in decaauts)
 A = Elapsed time spent in this place.
 B = Non-inter-level travel time spent in this place.
 C = Inter-level travel time spent in this place.
 D = Time resting spent in this place.
 E = Time spent auto-exploring this place.
 F = Levels seen in this place.
 G = Mean time per level.
                   A        B        C        D        E       F      G
               +--------+--------+--------+--------+--------+-----+--------+
         Total |   6570 |   6354 |    216 |   1438 |   3720 |   8 |  821.2 |
       Dungeon |   6464 |   6352 |    112 |   1438 |   3720 |   7 |  923.4 |
        Temple |    106 |      2 |    104 |      0 |      0 |   1 |  106.0 |
               +--------+--------+--------+--------+--------+-----+--------+

Top non-repeatable levels by time:
     D:5: 1564 daAuts
     D:4: 933 daAuts
     D:7: 905 daAuts
     D:6: 857 daAuts
     D:3: 855 daAuts
     D:1: 691 daAuts
     D:2: 656 daAuts
  Temple: 106 daAuts
